[Event "Titled Tuesday Blitz May 10 Late 2022"]
[White "Dimakiling, Oliver"]
[Black "Srinath, Rao S.V."]
[WhiteFideId "5202248"]
[BlackFideId "5028876"]
[WhiteElo "2426"]
[BlackElo "2181"]
[Result "1-0"]
[Round "09"]
[TimeControl "180+1"]
[Date "2022.05.10"]
[WhiteClock "0:00:56"]
[BlackClock "0:01:28"]

1. e4 e6 2. d3 d5 3. Nd2 Nf6 4. Ngf3 g6 5. Be2 Bg7 6. O-O O-O 7. Re1 c5 8. Bf1 Nc6 9. c3 h6 10. e5 Nd7 11. d4 b6 12. h4 a5 13. a4 cxd4 14. cxd4 Nb4 15. Nb1 Ba6 16. Nc3 Bxf1 17. Rxf1 Rc8 18. Be3 f6 19. exf6 Qxf6 20. Qd2 Kh7 21. Rfc1 Qf5 22. Ne2 Rxc1+ 23. Rxc1 Qg4 24. Ng3 Nf6 25. Rc7 Ne4 26. Nxe4 dxe4 27. Ne5 Qxh4 28. g3 Qh3 29. Rb7 Nd5 30. Nf7 Nxe3 31. Qxe3 Kg8 32. Nd6 Rc8 33. Nxc8 e5 34. Ne7+ Kh7 35. Qxe4 1-0


[Site "https://www.chess.com"]

[Event "Titled Tuesday Blitz May 10 Late 2022"]
[White "Djokic, Mihailo"]
[Black "Bjelobrk, Igor"]
[WhiteFideId "976440"]
[BlackFideId "4300726"]
[WhiteElo "2202"]
[BlackElo "2335"]
[Result "1-0"]
[Round "09"]
[TimeControl "180+1"]
[Date "2022.05.10"]
[WhiteClock "0:00:28"]
[BlackClock "0:00:05"]

1. e4 e5 2. Nf3 Nc6 3. Nc3 Nf6 4. Bb5 Bc5 5. Nxe5 Nxe5 6. d4 Bd6 7. f4 Neg4 8. e5 Bb4 9. exf6 Nxf6 10. O-O O-O 11. f5 c6 12. Bd3 d5 13. Bg5 Re8 14. Qf3 Qd6 15. Ne2 Bd7 16. c3 Ba5 17. b4 Bd8 18. Bf4 Qf8 19. g4 Ne4 20. Bxe4 dxe4 21. Qe3 a5 22. a3 h6 23. Ng3 Qe7 24. Rfe1 Qh4 25. Qe2 h5 26. Nxh5 axb4 27. Bg3 Qg5 28. axb4 Rxa1 29. Rxa1 e3 30. Re1 g6 31. h4 Qh6 32. Bf4 Qh7 33. Ng3 Qxh4 34. Kg2 Qf6 35. g5 Qe7 36. f6 Qe6 37. Rh1 Qd5+ 38. Kg1 Bb6 39. Qh2 Bh3 40. Qxh3 e2 41. Qh8# 1-0


[Site "https://www.chess.com"]

[Event "Titled Tuesday Blitz May 10 Late 2022"]
[White "Dubov, Daniil"]
[Black "Holt, Conrad"]
[WhiteFideId "24126055"]
[BlackFideId "2034387"]
[WhiteElo "2791"]
[BlackElo "2586"]
[Result "1-0"]
[Round "09"]
[TimeControl "180+1"]
[Date "2022.05.10"]
[WhiteClock "0:00:02"]
[BlackClock "0:00:02"]

1. d4 d5 2. Nf3 Nf6 3. c4 c6 4. Nc3 dxc4 5. e4 b5 6. Be2 e6 7. O-O Nbd7 8. d5 Bb7 9. dxe6 fxe6 10. e5 Nd5 11. Nd4 Nc5 12. Bg4 Qd7 13. Nxd5 Qxd5 14. Be3 Rd8 15. b4 cxb3 16. axb3 Qxe5 17. b4 Na4 18. Re1 Bxb4 19. Bd2 Qxd4 20. Rxe6+ Be7 21. Qe1 O-O 22. Rxe7 Qxg4 23. Rxb7 Rd7 24. Rxd7 Qxd7 25. Be3 c5 26. h3 Rd8 27. Rc1 c4 28. Qb4 a6 29. Qa5 Qd6 30. Bf4 Qf6 31. Be5 Qg5 32. Bf4 Qf6 33. Be5 Qe7 34. f4 Nc5 35. Rf1 Nd3 36. Bc3 1-0


[Site "https://www.chess.com"]

[Event "Titled Tuesday Blitz May 10 Late 2022"]
[White "Fedoseev, Vladimir"]
[Black "Jobava, Baadur"]
[WhiteFideId "24130737"]
[BlackFideId "13601520"]
[WhiteElo "2726"]
[BlackElo "2617"]
[Result "1-0"]
[Round "09"]
[TimeControl "180+1"]
[Date "2022.05.10"]
[WhiteClock "0:00:14"]
[BlackClock "0:00:06"]

1. d4 d5 2. Nf3 Nf6 3. Bf4 c6 4. e3 Bf5 5. Bd3 e6 6. Bxf5 exf5 7. Qd3 g6 8. c4 Nbd7 9. Nc3 dxc4 10. Qxc4 Nb6 11. Qb3 Nfd5 12. Be5 f6 13. Bg3 Be7 14. O-O Qd7 15. Ne1 h5 16. h4 Rd8 17. Nd3 O-O 18. a4 Rf7 19. a5 Nc8 20. Nxd5 cxd5 21. Rfc1 Bd6 22. Bxd6 Qxd6 23. Nf4 Ne7 24. Qxb7 g5 25. Nd3 Ng6 26. Qc6 Nxh4 27. Qxd6 Rxd6 28. b4 f4 29. exf4 Nf5 30. fxg5 fxg5 31. Ne5 Rb7 32. Rc8+ Kg7 33. a6 Rxb4 34. Rc7+ Kf6 35. Rf7+ Ke6 36. Rxa7 Rdb6 37. Nd3 Rb1+ 38. Rxb1 Rxb1+ 39. Kh2 Nxd4 40. Rh7 h4 41. Nc5+ Kf5 42. Rf7+ Kg6 43. Rd7 Ne2 44. a7 Ra1 45. Rd6+ Kh5 46. Ra6 1-0


[Site "https://www.chess.com"]

[Event "Titled Tuesday Blitz May 10 Late 2022"]
[White "Fishbein, Alexander"]
[Black "Hess, Robert"]
[WhiteFideId "2000377"]
[BlackFideId "2022036"]
[WhiteElo "2442"]
[BlackElo "2557"]
[Result "1-0"]
[Round "09"]
[TimeControl "180+1"]
[Date "2022.05.10"]
[WhiteClock "0:00:03"]
[BlackClock "0:00:07"]

1. Nf3 g6 2. e4 Bg7 3. d4 d6 4. c3 Nd7 5. Bd3 e5 6. O-O Ne7 7. Nbd2 Nc6 8. Nb3 O-O 9. Bg5 f6 10. Be3 g5 11. Bc4+ Kh8 12. Be6 Qe8 13. Bf5 Ne7 14. Be6 Ng6 15. Bf5 Nb6 16. Bxc8 Rxc8 17. dxe5 dxe5 18. Nfd2 Rf7 19. Qg4 Qd7 20. Qxd7 Rxd7 21. g3 Na4 22. Rab1 c5 23. Na5 b6 24. Nac4 Rcd8 25. Nf3 g4 26. Ne1 h5 27. Rc1 Rd1 28. Rxd1 Rxd1 29. Nc2 Rd7 30. N2a3 a6 31. b3 Nxc3 32. Nxb6 Rc7 33. Nac4 Nxa2 34. Rd1 Nc3 35. Rd8+ Kh7 36. Nd6 Rc6 37. Nbc4 Nb5 38. Nf5 Rc7 39. Rd5 Nd4 40. Bxd4 cxd4 41. Kf1 Bf8 42. Ke2 Rb7 43. Na5 Rc7 44. Nc4 Ne7 45. Nxe7 Bxe7 46. Kd3 Bb4 47. Rd8 Kg6 48. Rg8+ Kf7 49. Ra8 Rc6 50. Ra7+ Kg6 51. Rd7 Bf8 52. Rd5 Bh6 53. Rd7 h4 54. Rd6 h3 55. Rxc6 1-0


[Site "https://www.chess.com"]

[Event "Titled Tuesday Blitz May 10 Late 2022"]
[White "Gomez Dieguez, David"]
[Black "Burke, Paul"]
[WhiteFideId "22223630"]
[BlackFideId "2605767"]
[WhiteElo "2115"]
[BlackElo "1891"]
[Result "1-0"]
[Round "09"]
[TimeControl "180+1"]
[Date "2022.05.11"]
[WhiteClock "0:00:12"]
[BlackClock "0:01:16"]

1. c4 a6 2. Nf3 d6 3. d4 g6 4. e4 Nd7 5. Nc3 Bg7 6. Be2 h6 7. O-O e6 8. Be3 Ne7 9. Qd2 b6 10. Rac1 f5 11. exf5 Nxf5 12. Bd3 Nxe3 13. Bxg6+ Kf8 14. fxe3 Nf6 15. Qd3 Qe7 16. Nh4 Bd7 17. e4 Kg8 18. Qg3 e5 19. dxe5 dxe5 20. Bf5 Nh5 21. Qg4 Nf6 22. Qf3 Be8 23. Nd5 Nxd5 24. cxd5 Bf7 25. Ng6 Bxg6 26. Bxg6 Rf8 27. Qg3 Qg5 28. Qxg5 hxg5 29. Rxc7 Rh6 30. Bf5 Rhf6 31. g4 Kh8 32. Kg2 R6f7 33. Rfc1 Bf6 34. R7c6 1-0


[Site "https://www.chess.com"]

[Event "Titled Tuesday Blitz May 10 Late 2022"]
[White "Gomez Ledo, Roberto Carlos"]
[Black "Vovk, Orest"]
[WhiteFideId "3507076"]
[BlackFideId "14113490"]
[WhiteElo "2666"]
[BlackElo "2528"]
[Result "1-0"]
[Round "09"]
[TimeControl "180+1"]
[Date "2022.05.11"]
[WhiteClock "0:00:19"]
[BlackClock "0:00:17"]

1. d4 Nf6 2. Bf4 e6 3. e3 b6 4. a4 a6 5. h3 Bb7 6. Nf3 Bb4+ 7. c3 Be7 8. Nbd2 O-O 9. Be2 d6 10. O-O Nbd7 11. Bh2 Re8 12. a5 b5 13. c4 c6 14. b4 Bf8 15. c5 dxc5 16. dxc5 e5 17. e4 Qe7 18. Qc2 Rad8 19. Rfd1 g6 20. Nf1 Nh5 21. Ne3 Nf4 22. Bf1 Nf6 23. Ng4 Nxg4 24. hxg4 Bc8 25. g5 Bg4 26. Rxd8 Rxd8 27. Rd1 Bxf3 28. gxf3 Qxg5+ 29. Bg3 Rxd1 30. Qxd1 h5 31. Kh1 h4 32. Bh2 Bh6 33. Qd7 Qh5 34. Qg4 Qxg4 35. fxg4 f6 36. Bxf4 exf4 37. Bxb5 f3 38. Bxc6 Bd2 39. b5 Bb4 40. Bd5+ Kf8 41. c6 Ke7 42. b6 Bxa5 43. c7 Kd7 44. Bb7 1-0


[Site "https://www.chess.com"]

[Event "Titled Tuesday Blitz May 10 Late 2022"]
[White "Gurevich, Dmitry"]
[Black "Dilmukhametov, Artur"]
[WhiteFideId "2000407"]
[BlackFideId "24179922"]
[WhiteElo "2578"]
[BlackElo "2369"]
[Result "0-1"]
[Round "09"]
[TimeControl "180+1"]
[Date "2022.05.11"]
[WhiteClock "0:00:20"]
[BlackClock "0:00:02"]

1. d4 d5 2. c4 dxc4 3. e4 e5 4. Nf3 exd4 5. Bxc4 Nf6 6. e5 Bb4+ 7. Nbd2 Ne4 8. O-O Nxd2 9. Bxd2 Bxd2 10. Qxd2 c5 11. b4 O-O 12. bxc5 Nc6 13. h3 Bf5 14. Rfe1 Qe7 15. Rac1 Rad8 16. Qf4 Be6 17. Bb3 d3 18. Red1 Rd7 19. Rc3 Rfd8 20. Qe3 Nb4 21. Ng5 Bxb3 22. axb3 Nd5 23. Qe4 Qxg5 24. Rcxd3 Nc3 25. Qf3 Rxd3 26. Rxd3 Rxd3 27. Qxd3 Na2 28. Qd5 Qe7 29. f4 Nb4 30. Qc4 Nc6 31. b4 a6 32. b5 axb5 33. Qxb5 g6 34. Qc4 Qd7 35. Kh2 Qd4 36. Qc1 Qf2 37. Qc4 Nd4 38. Qd3 Qxf4+ 39. Kg1 Qxe5 40. Qc4 Ne6 41. Qb5 Qxc5+ 0-1


[Site "https://www.chess.com"]

[Event "Titled Tuesday Blitz May 10 Late 2022"]
[White "Guz, Ari"]
[Black "Antonova, Nadezhda"]
[WhiteFideId "2825759"]
[BlackFideId "14700182"]
[WhiteElo "1913"]
[BlackElo "1743"]
[Result "1-0"]
[Round "09"]
[TimeControl "180+1"]
[Date "2022.05.11"]
[WhiteClock "0:02:41"]
[BlackClock "0:01:53"]

1. e4 d6 2. d4 Nf6 3. Nc3 e5 4. Nf3 Nbd7 5. Bc4 Be7 6. O-O O-O 7. h3 c6 8. Be3 b5 9. Bb3 b4 10. dxe5 dxe5 11. Na4 Nxe4 12. Qe2 Nef6 13. Rad1 Qc7 14. Rfe1 a5 15. Ng5 h6 16. Nxf7 Rxf7 17. Qc4 Nd5 18. Rxd5 Ba6 19. Rxd7 Bxc4 20. Rxc7 Bxb3 21. axb3 1-0


[Site "https://www.chess.com"]

[Event "Titled Tuesday Blitz May 10 Late 2022"]
[White "Hakobyan, Aram"]
[Black "Kazakouski, Valery"]
[WhiteFideId "13306677"]
[BlackFideId "13507443"]
[WhiteElo "2557"]
[BlackElo "2524"]
[Result "1/2-1/2"]
[Round "09"]
[TimeControl "180+1"]
[Date "2022.05.10"]
[WhiteClock "0:00:21"]
[BlackClock "0:00:22"]

1. d4 Nf6 2. c4 e6 3. a3 d5 4. cxd5 exd5 5. Nc3 Bd6 6. Bg5 c6 7. e3 h6 8. Bh4 Bf5 9. Qf3 Bh7 10. Bxf6 Qxf6 11. Qxf6 gxf6 12. Nf3 Nd7 13. Nh4 Nb6 14. g3 Bc7 15. Bh3 Nc4 16. Bf5 Nxb2 17. Bxh7 Rxh7 18. Ke2 Nc4 19. a4 Ba5 20. Rhc1 Nd6 21. Rab1 Kd7 22. Kd3 a6 23. Ne2 b5 24. axb5 axb5 25. Ra1 Rhh8 26. Nf4 Bb6 27. Ke2 Rhc8 28. Nd3 Ra4 29. Nb2 Raa8 30. Nf3 Nc4 31. Nd3 Ra4 32. Rxa4 bxa4 33. Nd2 Nd6 34. Ra1 Ra8 35. Nb1 Ne4 36. Nb2 c5 37. Rxa4 Rb8 38. Nd1 cxd4 39. exd4 Bxd4 40. Rxd4 Rxb1 41. Rxd5+ Ke6 42. Rd4 f5 43. f3 Nf6 44. Rh4 h5 1/2-1/2


[Site "https://www.chess.com"]

[Event "Titled Tuesday Blitz May 10 Late 2022"]
[White "Hansen, Eric"]
[Black "Martinez Alcantara, Jose Eduardo"]
[WhiteFideId "2606771"]
[BlackFideId "3805662"]
[WhiteElo "2568"]
[BlackElo "2690"]
[Result "1/2-1/2"]
[Round "09"]
[TimeControl "180+1"]
[Date "2022.05.10"]
[WhiteClock "0:00:04"]
[BlackClock "0:00:06"]

1. e4 c5 2. Nf3 d6 3. Bb5+ Nd7 4. c3 Nf6 5. Qe2 a6 6. Ba4 b5 7. Bc2 Bb7 8. O-O e5 9. d4 Be7 10. d5 c4 11. b3 cxb3 12. axb3 O-O 13. b4 Rc8 14. Bb2 g6 15. Nbd2 Nb6 16. Rac1 Nh5 17. g3 Ng7 18. Bb3 Kh8 19. c4 bxc4 20. Nxc4 Nxc4 21. Bxc4 Qb6 22. Bc3 f5 23. Bd3 fxe4 24. Bxe4 Nh5 25. Bd2 Nf6 26. Bg5 Nxe4 27. Qxe4 Rxc1 28. Bxc1 Bf6 29. Bh6 Re8 30. Rc1 Qb5 31. Rd1 Kg8 32. h4 Qd7 33. Bg5 Bg7 34. h5 Qf5 35. Qxf5 gxf5 36. h6 Bf8 37. Nh4 e4 38. Bf4 Bc8 39. Rc1 Be7 40. Ng2 Kf7 41. Rc7 Kg6 42. Ra7 Bf6 43. Be3 Be5 44. Nh4+ Kh5 45. Rxh7 f4 46. gxf4 Bf6 47. Ng2 Bh3 48. Rc7 Rg8 49. Kh2 Bxg2 50. h7 Rg4 51. Rf7 Bf3 52. Rxf6 Rh4+ 53. Kg3 Rg4+ 54. Kh3 Rh4+ 55. Kg3 Rg4+ 56. Kh3 Rh4+ 57. Kg3 1/2-1/2


[Site "https://www.chess.com"]

[Event "Titled Tuesday Blitz May 10 Late 2022"]
[White "Izzat, Kanan"]
[Black "Kamsky, Gata"]
[WhiteFideId "13405209"]
[BlackFideId "2000024"]
[WhiteElo "2362"]
[BlackElo "2645"]
[Result "1-0"]
[Round "09"]
[TimeControl "180+1"]
[Date "2022.05.10"]
[WhiteClock "0:00:08"]
[BlackClock "0:00:01"]

1. e4 c5 2. Nf3 e6 3. c3 d5 4. exd5 Qxd5 5. d4 Nf6 6. Na3 a6 7. Nc4 Nbd7 8. Be2 cxd4 9. Nxd4 Qxg2 10. Bf3 Qh3 11. Bf4 Bc5 12. Rg1 O-O 13. Rg3 Qh4 14. Qd2 e5 15. Rxg7+ Kh8 16. Bg5 Qxh2 17. Nf5 Qh3 18. Nh4 Kxg7 19. Bxf6+ Kxf6 20. Qh6+ Ke7 21. Ng6+ hxg6 22. Qxh3 Rb8 23. O-O-O Bxf2 24. Bg4 Nf6 25. Bxc8 Rbxc8 26. Nxe5 Rfd8 27. Nd3 Bb6 28. Qh4 Rd6 29. Re1+ Kf8 30. Qh8+ Ng8 31. Ne5 Rcd8 32. Rf1 Be3+ 33. Kc2 f5 34. Qh7 Nh6 35. Nxg6+ Rxg6 36. Qxg6 Rd2+ 37. Kb3 1-0


[Site "https://www.chess.com"]

[Event "Titled Tuesday Blitz May 10 Late 2022"]
[White "Janaszak, Dawid"]
[Black "Pranav, V"]
[WhiteFideId "1119206"]
[BlackFideId "25060783"]
[WhiteElo "2199"]
[BlackElo "2349"]
[Result "0-1"]
[Round "09"]
[TimeControl "180+1"]
[Date "2022.05.10"]
[WhiteClock "0:00:04"]
[BlackClock "0:01:30"]

1. e4 e5 2. Nf3 Nc6 3. d4 exd4 4. Nxd4 Bc5 5. Nb3 Bb6 6. Nc3 Nf6 7. Bg5 h6 8. Bh4 d6 9. Qe2 g5 10. Bg3 Bg4 11. f3 Be6 12. O-O-O Qe7 13. Bf2 O-O-O 14. Bxb6 axb6 15. Kb1 Rhe8 16. Nd4 Nxd4 17. Rxd4 d5 18. e5 Nd7 19. g3 f6 20. f4 fxe5 21. fxe5 Qc5 22. Ra4 Kb8 23. Bg2 c6 24. Ra3 d4 25. Ne4 Qxe5 26. Qh5 Bd5 27. Re1 Nc5 28. Qxh6 Nxe4 29. Bxe4 Bxe4 30. Ka1 Rh8 0-1


[Site "https://www.chess.com"]

[Event "Titled Tuesday Blitz May 10 Late 2022"]
[White "Jeet, Jain"]
[Black "Villiers, Thomas"]
[WhiteFideId "5073022"]
[BlackFideId "427209"]
[WhiteElo "2028"]
[BlackElo "2164"]
[Result "0-1"]
[Round "09"]
[TimeControl "180+1"]
[Date "2022.05.11"]
[WhiteClock "0:00:03"]
[BlackClock "0:00:29"]

1. Nf3 Nf6 2. b3 d5 3. Bb2 c5 4. e3 Bg4 5. Be2 Nbd7 6. c4 e6 7. O-O Be7 8. cxd5 Nxd5 9. d4 O-O 10. e4 Nf4 11. h3 Nxe2+ 12. Qxe2 Bh5 13. Nbd2 cxd4 14. Bxd4 Qa5 15. Rfd1 Bf6 16. Nc4 Qa6 17. e5 Be7 18. Bxa7 Nxe5 19. Qxe5 Bxf3 20. Bd4 Bf6 21. Qg3 e5 22. Qxf3 exd4 23. a4 b5 24. axb5 Qxa1 25. Rxa1 Rxa1+ 26. Kh2 Rd8 27. b6 Raa8 28. b7 Rab8 29. Na5 Be5+ 30. g3 d3 31. Nc6 d2 32. Nxd8 Rxd8 33. Qd1 Bc3 34. Kg2 h6 35. f4 Rb8 36. Kf2 Rxb7 37. Ke2 Re7+ 38. Kd3 Re1 0-1


[Site "https://www.chess.com"]

[Event "Titled Tuesday Blitz May 10 Late 2022"]
[White "Joubert, Dantelle"]
[Black "Akrakan"]
[WhiteFideId "14310813"]
[WhiteElo "1507"]
[BlackElo "2115"]
[Result "1/2-1/2"]
[Round "09"]
[TimeControl "180+1"]
[Date "2022.05.11"]
[WhiteClock "0:00:31"]
[BlackClock "0:00:58"]

1. Nf3 d5 2. c4 e6 3. d4 Nf6 4. g3 Be7 5. Bg2 O-O 6. O-O c5 7. cxd5 exd5 8. Nc3 Nc6 9. dxc5 Bxc5 10. Bg5 Be6 11. Rc1 Be7 12. Nd4 Rc8 13. Nxe6 fxe6 14. Bh3 Qd6 15. Nb5 Qd7 16. Nd4 Nxd4 17. Qxd4 Rxc1 18. Rxc1 Ne4 19. Bxe7 Qxe7 20. f3 Ng5 21. Bg4 b6 22. Qe5 Qf6 23. Qxf6 Rxf6 24. Rc7 Rf7 25. Rc8+ Rf8 26. Rc6 g6 27. h4 h5 28. Bxe6+ Nxe6 29. Rxe6 Kf7 30. Rd6 Rc8 31. Rxd5 Rc2 32. Rd7+ Kf6 33. Rxa7 Rxe2 34. Ra6 Rxb2 35. a4 Ke5 36. a5 bxa5 37. Rxa5+ Kd4 38. Rg5 Ke3 39. f4 Kf3 40. Rxg6 Ra2 41. f5 Ra1+ 42. Kh2 Ra2+ 43. Kh3 Ra1 44. Kh2 Ra2+ 45. Kg1 Ra1+ 46. Kh2 1/2-1/2


[Site "https://www.chess.com"]

[Event "Titled Tuesday Blitz May 10 Late 2022"]
[White "Kanyamarala, Trisha"]
[Black "Ng, Gary"]
[WhiteFideId "45004722"]
[BlackFideId "2604914"]
[WhiteElo "2134"]
[BlackElo "2249"]
[Result "1-0"]
[Round "09"]
[TimeControl "180+1"]
[Date "2022.05.11"]
[WhiteClock "0:00:22"]
[BlackClock "0:00:02"]

1. d4 Nf6 2. c4 e6 3. Nc3 Bb4 4. Qc2 O-O 5. Bg5 h6 6. Bh4 d5 7. e3 c5 8. cxd5 exd5 9. Nf3 Nc6 10. Be2 cxd4 11. exd4 Re8 12. O-O Be6 13. Rad1 Rc8 14. Ne5 Be7 15. f4 Qb6 16. Bf2 g6 17. Nxg6 fxg6 18. Qxg6+ Kf8 19. Qxh6+ Kf7 20. Bd3 Rg8 21. Rfe1 Qxb2 22. Ne2 Rg7 23. f5 Bd7 24. Ng3 Qxf2+ 25. Kh1 Bd6 26. Re2 Qf4 27. Qh3 Ng4 28. Qh5+ Kf8 29. Rf1 1-0


[Site "https://www.chess.com"]

[Event "Titled Tuesday Blitz May 10 Late 2022"]
[White "Karttunen, Mika"]
[Black "Manukian, Artak"]
[WhiteFideId "502081"]
[BlackFideId "13301373"]
[WhiteElo "2343"]
[BlackElo "2427"]
[Result "1-0"]
[Round "09"]
[TimeControl "180+1"]
[Date "2022.05.11"]
[WhiteClock "0:00:25"]
[BlackClock "0:00:13"]

1. Nf3 g6 2. c4 Bg7 3. g3 e5 4. Nc3 h5 5. h4 Nh6 6. d3 Nf5 7. Bg5 f6 8. Bd2 c5 9. Bg2 Nc6 10. a3 a5 11. Rb1 d6 12. Nd5 O-O 13. e3 Be6 14. Ng1 Nfe7 15. Ne2 Bxd5 16. cxd5 Nb8 17. Nc3 f5 18. e4 f4 19. g4 hxg4 20. Qxg4 Qd7 21. Qxd7 Nxd7 22. Bh3 Nf6 23. Nb5 Ne8 24. a4 Bf6 25. Bg4 Kg7 26. h5 Rh8 27. Ke2 Bg5 28. Rbg1 Ng8 29. Bf3 Kf6 30. Rg2 Nh6 31. hxg6 Kxg6 32. Rh5 Nf7 33. Rgxg5+ Nxg5 34. Rxh8 1-0


[Site "https://www.chess.com"]

[Event "Titled Tuesday Blitz May 10 Late 2022"]
[White "Kate1606"]
[Black "Mangialardo, Tiago Carvalho"]
[BlackFideId "2130718"]
[WhiteElo "2070"]
[BlackElo "2098"]
[Result "0-1"]
[Round "09"]
[TimeControl "180+1"]
[Date "2022.05.11"]
[WhiteClock "0:00:03"]
[BlackClock "0:00:11"]

1. d4 d5 2. c4 e6 3. Nf3 Nf6 4. Nc3 Be7 5. e3 O-O 6. Bd3 dxc4 7. Bxc4 Nbd7 8. O-O b6 9. b3 Bb7 10. Bb2 c5 11. Qe2 Ne4 12. Nxe4 Bxe4 13. Rfd1 Qc7 14. Rac1 Qb7 15. Bd3 Nf6 16. Kh1 Rfd8 17. Bxe4 Qxe4 18. dxc5 Bxc5 19. Rxd8+ Rxd8 20. Bxf6 gxf6 21. Rd1 Qa8 22. Rxd8+ Qxd8 23. Qd2 Qc7 24. h3 Kf8 25. Ng1 Ke7 26. Ne2 e5 27. Ng3 Qd7 28. Qc2 h6 29. Nf5+ Ke6 30. Nxh6 Qd5 31. Qf5+ Ke7 32. Qh5 Bd6 33. Kh2 e4+ 34. g3 Qxh5 35. Kg2 Qd1 36. Kh2 Qa1 37. Nf5+ Kd7 38. Nd4 Qxa2 39. Nf5 Qxf2+ 40. Kh1 Qxf5 41. g4 Qf3+ 42. Kg1 Qxe3+ 43. Kg2 Qxb3 44. Kf2 Qf3+ 45. Ke1 Qxh3 46. g5 Qg2 47. gxf6 Bb4+ 48. Kd1 Qd2# 0-1


[Site "https://www.chess.com"]

[Event "Titled Tuesday Blitz May 10 Late 2022"]
[White "Keller, Peter"]
[Black "Wagner, Dinara"]
[WhiteFideId "1272105"]
[BlackFideId "24157570"]
[WhiteElo "2275"]
[BlackElo "2216"]
[Result "0-1"]
[Round "09"]
[TimeControl "180+1"]
[Date "2022.05.11"]
[WhiteClock "0:00:02"]
[BlackClock "0:00:16"]

1. e4 c5 2. c3 d5 3. exd5 Qxd5 4. d4 Nf6 5. Nf3 Nc6 6. dxc5 Qxd1+ 7. Kxd1 e5 8. b4 Bf5 9. Be3 Ng4 10. Nbd2 a5 11. Bb5 O-O-O 12. a3 Nxe3+ 13. fxe3 Be7 14. Ke2 Bg4 15. h3 Bh5 16. g4 Bg6 17. Bxc6 bxc6 18. Nxe5 Bf6 19. Nxc6 Rd3 20. Nxa5 Bxc3 21. Ra2 Re8 22. Nac4 Kc7 23. Rc1 Bf6 24. e4 Rxh3 25. b5 Rh2+ 26. Kd3 Rd8+ 27. Nd6 Be5 28. Nc4 Rxa2 29. Nxe5 Rxa3+ 30. Kd4 Rxd6+ 31. cxd6+ Kxd6 32. Rc6+ Ke7 33. b6 Ra4+ 34. Nc4 Rb4 35. Kc5 Rb1 36. Rc7+ Ke6 37. e5 Be4 38. Nd6 Bf3 39. Kd4 Rb4+ 40. Rc4 Rxb6 41. Rc8 Rb4+ 42. Kc5 Rxg4 43. Re8+ Kd7 44. Rf8 Rg5 45. Rxf7+ Ke6 0-1


[Site "https://www.chess.com"]

[Event "Titled Tuesday Blitz May 10 Late 2022"]
[White "Kim, Sergey"]
[Black "Adewumi, Tanitoluwa"]
[WhiteFideId "13700570"]
[BlackFideId "30966396"]
[WhiteElo "2470"]
[BlackElo "2500"]
[Result "0-1"]
[Round "09"]
[TimeControl "180+1"]
[Date "2022.05.11"]
[WhiteClock "0:00:25"]
[BlackClock "0:00:11"]

1. d4 Nf6 2. c4 e6 3. Nc3 Bb4 4. Qc2 O-O 5. a3 Bxc3+ 6. Qxc3 b6 7. Nf3 Bb7 8. g3 d5 9. Bg2 dxc4 10. Qxc4 Nbd7 11. O-O c5 12. Rd1 Rc8 13. Bg5 h6 14. Bxf6 Qxf6 15. Rac1 Rfd8 16. dxc5 Nxc5 17. Rxd8+ Rxd8 18. b4 Bd5 19. Qd4 Qe7 20. bxc5 Bxf3 21. Qe3 Bxg2 22. Kxg2 bxc5 23. Qxc5 Qb7+ 24. Qc6 Qb2 25. Qc7 Rd2 26. Re1 Qxa3 27. Qb8+ Kh7 28. Qb1+ g6 29. Qb7 Kg7 30. Qf3 Qxf3+ 31. Kxf3 a5 32. Ra1 Rd5 33. e4 Rb5 34. h4 Kf6 35. Kf4 g5+ 36. Kg4 Kg6 37. h5+ Kf6 38. f4 Ke7 39. e5 gxf4 40. gxf4 Kd7 41. Rd1+ Kc7 42. Rc1+ Kb7 43. Rd1 Rd5 44. Rb1+ Ka7 45. Rc1 Rd7 46. f5 Kb6 47. Rb1+ Kc6 48. Rc1+ Kb5 49. f6 a4 50. Rc8 Ra7 51. Rb8+ Kc6 52. Rc8+ Kd5 53. Kf4 a3 54. Rd8+ Kc5 55. Rc8+ Kb6 56. Rb8+ Kc7 57. Rb1 a2 58. Ra1 Kb6 59. Ke4 Kc5 60. Rc1+ Kb4 61. Ra1 Ra4 62. Kd3 Kc5 63. Rc1+ Kd5 64. Ra1 Kxe5 65. Kc3 Kxf6 66. Kb3 Ra7 67. Kb4 Kg5 68. Kb5 f5 69. Kb6 Ra3 70. Kc5 f4 71. Kb4 Ra8 72. Kc5 f3 73. Kd4 f2 74. Ke3 f1=Q 75. Rxf1 a1=Q 76. Rxa1 Rxa1 77. Ke4 Re1+ 78. Kd4 Kxh5 79. Kc5 Kg4 80. Kd6 h5 81. Ke7 h4 0-1


[Site "https://www.chess.com"]

[Event "Titled Tuesday Blitz May 10 Late 2022"]
[White "Koellner, Ruben Gideon"]
[Black "Clarke, Brandon G I"]
[WhiteFideId "12993093"]
[BlackFideId "400319"]
[WhiteElo "2633"]
[BlackElo "2414"]
[Result "1/2-1/2"]
[Round "09"]
[TimeControl "180+1"]
[Date "2022.05.10"]
[WhiteClock "0:00:07"]
[BlackClock "0:00:15"]

1. d4 Nf6 2. Bg5 d5 3. e3 c5 4. Bxf6 gxf6 5. dxc5 e5 6. c4 d4 7. exd4 exd4 8. Nf3 Bxc5 9. Bd3 Nc6 10. O-O Kf8 11. Qc1 h6 12. Qf4 Qd6 13. Qxd6+ Bxd6 14. Nbd2 Ne5 15. Be4 Be6 16. b3 Rd8 17. Nxd4 Bc5 18. Nxe6+ fxe6 19. Rad1 b6 20. g3 Kf7 21. Kg2 f5 22. Bc2 h5 23. Rfe1 Kf6 24. Nf3 Ng4 25. Re2 Rxd1 26. Bxd1 Rd8 27. Bc2 e5 28. h3 e4 29. hxg4 exf3+ 30. Kxf3 hxg4+ 31. Kg2 a5 32. f3 gxf3+ 33. Kxf3 Rd7 34. Rh2 Kg5 35. Re2 Kf6 36. Rh2 Kg5 37. Rg2 Rd8 38. Re2 Kf6 39. g4 fxg4+ 40. Kxg4 Bb4 41. Be4 Ke5 42. Bd5+ Kd4 43. Kf5 Rf8+ 44. Kg6 Kc3 45. Kg7 Rf1 46. Kg6 Bc5 47. Rg2 Kb4 48. Re2 Ka3 49. Bc6 Bd4 50. Ba4 Bb2 51. Re6 Bd4 52. Re4 Bc5 53. Re2 Bd4 54. Re4 Bc3 55. Re6 Bd4 56. Re4 1/2-1/2


[Site "https://www.chess.com"]

[Event "Titled Tuesday Blitz May 10 Late 2022"]
[White "Koziorowicz, Michal"]
[Black "Cilek, Bora"]
[WhiteFideId "21809194"]
[BlackFideId "34502165"]
[WhiteElo "2219"]
[BlackElo "2467"]
[Result "1-0"]
[Round "09"]
[TimeControl "180+1"]
[Date "2022.05.11"]
[WhiteClock "0:00:20"]
[BlackClock "0:00:02"]

1. Nc3 g6 2. d4 Bg7 3. e4 c6 4. h4 d5 5. e5 f6 6. f4 h5 7. Bd3 Kf7 8. Nf3 Nh6 9. Qe2 Bg4 10. Bd2 Nf5 11. Qf2 Qb6 12. O-O-O Nd7 13. e6+ Kxe6 14. Rde1+ Kf7 15. Nh2 e6 16. Nxg4 hxg4 17. Bxf5 gxf5 18. h5 Bh6 19. Na4 Qa6 20. b3 b5 21. Qe2 Rhe8 22. Kb1 Rac8 23. g3 Qb7 24. Nc5 Nxc5 25. dxc5 b4 26. Qd3 a5 27. a4 bxa3 28. Ka2 Qb5 29. Qd4 Ra8 30. Bc3 Bg7 31. h6 Bh8 32. h7 a4 33. Rh6 axb3+ 34. cxb3 Ke7 35. Rxf6 Bxf6 36. Qxf6+ Kd7 37. h8=Q Rxh8 38. Qxe6+ Kc7 39. Qf7+ Kb8 40. Be5+ Kc8 41. Qc7# 1-0


[Site "https://www.chess.com"]

[Event "Titled Tuesday Blitz May 10 Late 2022"]
[White "Lashkin, Jegor"]
[Black "Ibarra Jerez, Jose Carlos"]
[WhiteFideId "13907808"]
[BlackFideId "2226332"]
[WhiteElo "2368"]
[BlackElo "2626"]
[Result "0-1"]
[Round "09"]
[TimeControl "180+1"]
[Date "2022.05.10"]
[WhiteClock "0:00:04"]
[BlackClock "0:00:09"]

1. d4 Nf6 2. c4 d6 3. Nf3 g6 4. Nc3 Bf5 5. d5 e5 6. dxe6 Bxe6 7. Nd4 Bd7 8. g3 Bg7 9. Bg2 Nc6 10. Nc2 O-O 11. O-O Re8 12. b3 a6 13. Bb2 Rb8 14. Nd5 b5 15. cxb5 axb5 16. Rc1 Nxd5 17. Bxg7 Nf4 18. gxf4 Kxg7 19. Nd4 Nxd4 20. Qxd4+ Kg8 21. e3 Rb6 22. b4 Ra6 23. Rc2 Bf5 24. Rd2 Be6 25. Bd5 Bxd5 26. Qxd5 Qd7 27. Rc1 Rea8 28. h3 R8a7 29. Kg2 Ra4 30. Qb3 Qf5 31. Qc2 Qe6 32. Qc6 Rxb4 33. Kg3 Rc4 34. Rxc4 Qxc4 35. Qxc4 bxc4 36. e4 Ra3+ 37. f3 Kf8 38. Rc2 c3 39. Kf2 Ke7 40. Ke3 c6 41. Kd3 Kd7 42. h4 f5 43. Kd4 c5+ 44. Kd3 Kc6 45. Rxc3 Rxa2 46. Rb3 Rh2 47. Rb8 Rxh4 48. Ke3 fxe4 49. fxe4 Rh3+ 50. Ke2 Rg3 51. Kf2 Rd3 52. Rh8 Rh3 53. Kg2 Rh5 54. Rf8 c4 55. Kg3 Kc5 56. Kf3 Kd4 57. Rd8 d5 58. e5 Rh3+ 59. Kg4 Re3 60. Rc8 c3 61. Rc7 Kd3 62. Rg7 c2 63. Rc7 Kd2 64. Rc5 d4 65. Kg5 d3 66. Kf6 c1=Q 0-1


[Site "https://www.chess.com"]